 Dungeon Crawl Stone Soup version 0.18.1-50-g88ac8fd (webtiles) character file.

1661 grisgris the Covert (level 8, -3/56 HPs)
             Began as a Vampire Enchanter on Oct 9, 2016.
             Was a Believer of Yredelemnul.
             Slain by an ogre
             ... wielding a +0 giant spiked club
              (12 damage)
             ... on level 5 of the Dungeon.
             The game lasted 00:23:02 (6372 turns).

grisgris the Covert (Vampire Enchanter)             Turns: 6372, Time: 00:23:02

Health: -3/56      AC:  5    Str:  9    XL:     8   Next: 69%
Magic:  5/13       EV: 14    Int: 18    God:    Yredelemnul [**....]
Gold:   352        SH:  0    Dex: 14    Spells: 4 memorised, 4 levels left

rFire  + . .     SeeInvis +     a - +3 dagger
rCold  + + +     Gourm    .     l - +0 robe {rC+ rF+}
rNeg   + + +     Faith    .     (no shield)
rPois  +         Spirit   .     d - +0 helmet
rElec  .         Dismiss  .     n - +0 cloak {MR+}
rCorr  .         Reflect  .     p - +0 pair of gloves
SustAt .         Harm     .     (no boots)
MR     +....                    (no amulet)
Stlth  +++++.....               (no ring)
                                e - ring of see invisible

@: regenerating slowly, somewhat resistant to hostile enchantments, quite
stealthy
A: fangs 3, see invisible, unbreathing
a: Bat Form, Animate Remains, Recall Undead Slaves, Injury Mirror, Renounce
Religion


You were on level 5 of the Dungeon.
You worshipped Yredelemnul.
Yredelemnul was pleased with you.
You were near bloodless.

You visited 1 branch of the dungeon, and saw 6 of its levels.

You collected 352 gold pieces.

Inventory:

Hand Weapons
 a - a +3 dagger (weapon)
Armour
 d - a +0 helmet (worn)
 k - a +2 cloak
 l - a +0 robe of resistance (worn)
 n - a +0 cloak of magic resistance (worn)
 p - a +0 pair of gloves (worn)
Jewellery
 e - a ring of see invisible (left hand)
Wands
 f - a wand of iceblast (7/15)
 j - a wand of lightning (3/15)
Scrolls
 b - 2 scrolls of fog
 g - 4 scrolls of remove curse
 h - 3 scrolls of identify
 q - a scroll of blinking
 s - 2 scrolls of teleportation
Potions
 i - 2 potions of heal wounds
Books
 c - a book of Maledictions

   Spells                             Type                      Level
   a - Corona                         Hexes                        1
   b - Ensorcelled Hibernation        Hexes/Ice                    2
   c - Confuse                        Hexes                        3
   d - Tukima's Dance                 Hexes                        3
   e - Dazzling Spray                 Conjuration/Hexes            3


   Skills:
 + Level 2.2 Fighting
 + Level 4.1 Short Blades
 + Level 4.5 Dodging
 * Level 8.8 Stealth
 + Level 3.4 Spellcasting
 * Level 8.2 Hexes
 * Level 4.4 Ice Magic
 + Level 2.1 Invocations


You had 4 spell levels left.
You knew the following spells:

 Your Spells              Type           Power        Failure   Level  Hunger
a - Ensorcelled Hibernat  Hex/Ice        ####..       1%          2    ##.....
b - Confuse               Hex            ####....     1%          3    ###....
c - Tukima's Dance        Hex            ####....     1%          3    ###....
d - Corona                Hex            ####...      1%          1    None


Dungeon Overview and Level Annotations

Branches:
Dungeon (6/15)
 Temple: D:4-7

Altars:
Elyvilon
Makhleb
Nemelex Xobeh
Qazlal
Yredelemnul
Zin

Shops:
D:5 %


Innate Abilities, Weirdness & Mutations

You heal slowly.
You have razor-sharp teeth.
You have supernaturally acute eyesight.
You can survive without breathing.


Message History

Confirm with . or Enter, or press ? or * to list all spells.
You don't know that spell.
Unknown command.
Casting: Ensorcelled Hibernation
Confirm with . or Enter, or press ? or * to list all spells.
Aiming: Confuse
Press: ? - help, Shift-Dir - straight line, f/p - ogre
Aim: an ogre, wielding a giant spiked club (chance to defeat MR: 61%)
The ogre resists with significant effort.
You feel almost devoid of blood! The ogre completely misses you.
Casting: Confuse
Confirm with . or Enter, or press ? or * to list all spells.
Aiming: Confuse
Press: ? - help, Shift-Dir - straight line, f/p - ogre
Aim: an ogre, wielding a giant spiked club (chance to defeat MR: 61%)
The ogre resists with significant effort.
The ogre hits you with a giant spiked club!
You die...
Yredelemnul claims you as an undead slave.

....#........................#
....#........................#
....###.#.#..................#
..........#.(#...............#
....###.####.#...............#
....# #.####.#.............#.##
....###.......................###
...).........##O.................
#.#.".........(.@................
.............###....^............
..........[..###.................
#..#.........#....#....(.........
#..#...........##.##.............
.............####.####...........
..............# #.# #.##........
.......###.##.# #.# ##.##..######
.....### #..#.###.# #........)#


You could see an ogre.

Vanquished Creatures
  Pikel (D:4)
  Sigmund (D:3)
  A hungry ghost (D:5)
  A slave (D:3)
  Natasha (D:4)
  An ogre (D:5)
  A howler monkey (D:5)
  A crimson imp (D:4)
  3 orc priests
  2 hounds (D:4)
  3 orc wizards
  Crazy Yiuf (D:3)
  2 iguanas (D:5)
  Terence (D:3)
  2 worker ants
  Robin (D:3)
  5 gnolls
  8 adders
  2 oozes
  An adder zombie (D:6)
  An adder skeleton (D:4)
  2 worms
  6 giant geckos
  16 orcs
  5 bats
  3 giant cockroaches
  13 goblins
  11 hobgoblins
  3 jackals (D:5)
  3 kobolds
  3 quokkas
  A ball python (D:1)
  3 giant newts
  4 rats
  4 toadstools (D:1)
117 creatures vanquished.

Vanquished Creatures (collateral kills)
  A slave (D:3)
1 creature vanquished.

Vanquished Creatures (others)
  A slave (D:4)
  A hound (D:4)
  Natasha (twice) (D:4)
  2 adders (D:4)
6 creatures vanquished.

Grand Total: 124 creatures vanquished

Notes
Turn   | Place    | Note
--------------------------------------------------------------
     0 | D:1      | grisgris the Vampire Enchanter began the quest for the Orb.
     0 | D:1      | Reached XP level 1. HP: 13/13 MP: 3/3
   347 | D:1      | Reached XP level 2. HP: 5/19 MP: 0/5
   351 | D:1      | Learned a level 2 spell: Ensorcelled Hibernation
   497 | D:1      | Reached skill level 5 in Hexes
  1180 | D:2      | Found a basalt altar of Yredelemnul.
  1200 | D:2      | Became a worshipper of Yredelemnul the Dark
  1239 | D:2      | Reached XP level 3. HP: 24/24 MP: 4/6
  1290 | D:2      | Reached skill level 5 in Stealth
  1290 | D:2      | Reached skill level 1 in Ice Magic
  1322 | D:2      | Found a burning altar of Makhleb.
  1322 | D:2      | Found a glowing silver altar of Zin.
  1323 | D:2      | Noticed an angel
  1323 | D:2      | Noticed an Executioner
  1461 | D:2      | Found a sparkling altar of Nemelex Xobeh.
  1465 | D:2      | Found a white marble altar of Elyvilon.
  1491 | D:2      | Reached XP level 4. HP: 30/30 MP: 1/7
  2041 | D:3      | Noticed Sigmund
  2057 | D:3      | Killed Sigmund
  2057 | D:3      | Reached XP level 5. HP: 18/36 MP: 2/8
  2274 | D:3      | Found a stormy altar of Qazlal.
  2300 | D:3      | Reached skill level 1 in Fighting
  2300 | D:3      | Reached XP level 6. HP: 43/43 MP: 6/9
  2306 | D:3      | Reached * piety under Yredelemnul
  2331 | D:3      | Noticed Robin
  2498 | D:3      | Killed Robin
  2590 | D:3      | Learned a level 3 spell: Confuse
  2720 | D:3      | Noticed Crazy Yiuf
  2742 | D:3      | Killed Crazy Yiuf
  3196 | D:3      | Noticed Terence
  3200 | D:3      | Killed Terence
  3329 | D:4      | Noticed Pikel
  3330 | D:4      | Noticed a slave
  3330 | D:4      | Noticed a slave
  3331 | D:4      | Noticed a slave
  3331 | D:4      | Noticed a slave
  3352 | D:3      | Killed a slave
  3363 | D:3      | Killed a slave
  3471 | D:4      | Noticed Natasha
  3501 | D:4      | Killed Pikel
  3501 | D:4      | Reached skill level 1 in Invocations
  3501 | D:4      | Reached XP level 7. HP: 48/48 MP: 6/11
  3530 | D:4      | Killed Natasha
  3920 | D:4      | Noticed Natasha
  3935 | D:4      | Killed Natasha
  3977 | D:4      | Killed Natasha
  4006 | D:4      | Reached XP level 8. HP: 55/55 MP: 8/12
  4235 | D:4      | Reached ** piety under Yredelemnul
  4967 | D:5      | Entered Level 5 of the Dungeon
  5675 | D:5      | Found Boquotog's Food Emporium.
  6249 | D:5      | Learned a level 3 spell: Tukima's Dance
  6372 | D:5      | Slain by an ogre

Skill      XL: |  1  2  3  4  5  6  7  8 |
---------------+-------------------------+-----
Hexes          | 5 7 8 |  8.2
Stealth        | 5 6 7 8 |  8.8
Ice Magic      | 1 2 3 4 |  4.4
Short Blades   | 2 3 4 |  4.1
Dodging        | 3 4 |  4.5
Fighting       | 1 2 |  2.2
Spellcasting   | 3 |  3.4
Invocations    | 1 2 |  2.1

Action                   |  1- 3 |  4- 6 |  7- 9 || total
-------------------------+-------+-------+-------++-------
Melee: Dagger            |    75 |    87 |   169 ||   331
       Bite              |     5 |     6 |    13 ||    24
 Cast: Corona            |     9 |     1 |     5 ||    15
       Ensorcelled Hiber |    13 |    35 |    51 ||    99
       Confuse           |       |     6 |    16 ||    22
       Tukima's Dance    |       |       |     2 ||     2
Invok: Animate Remains   |       |     1 |       ||     1
Evoke: Wand              |       |       |     2 ||     2
  Use: Scroll            |     4 |     1 |     7 ||    12
       Potion            |       |     1 |     3 ||     4
 Stab: Sleeping          |    17 |    30 |    38 ||    85
       Confused          |       |     5 |     7 ||    12
  Eat: Corpse            |       |       |     2 ||     2
Armor: Robe              |    12 |    18 |    25 ||    55
Dodge: Dodged            |    25 |    46 |    82 ||   153
